 Dungeon Crawl Stone Soup version 0.22.1-2-g9c5b331383 (webtiles) character file.

58 LLavrengius the Caller (level 4, -2/34 HPs)
             Began as a Barachi Summoner on Nov 15, 2018.
             Slain by an adder (3 damage)
             ... on level 2 of the Dungeon.
             The game lasted 00:08:49 (2218 turns).

LLavrengius the Caller (Barachi Summoner)           Turns: 2218, Time: 00:08:51

Health: -2/34      AC:  2    Str:  9    XL:     4   Next: 1%
Magic:  1/7        EV: 13    Int: 16    God:
Gold:   93         SH:  0    Dex: 13    Spells: 4/7 levels left

rFire    + . .     SeeInvis .   g - +0 spear
rCold    + . .     Gourm    .   (no shield)
rNeg     . . .     Faith    .   a - +0 robe
rPois    +         Spirit   .   (no helmet)
rElec    +         Reflect  .   (no cloak)
rCorr    +         Harm     .   (no gloves)
MR       .....                  (no boots)
Stlth    ++........             (no amulet)
HPRegen  0.11/turn              (no ring)
MPRegen  0.10/turn              (no ring)

@: lethally poisoned (-2 -> -5), resistant, can't hop, slow
A: +LOS, swims, slowness 1, strong legs 1
a: Hop


You were on level 2 of the Dungeon.
You were very hungry.

You visited 1 branch of the dungeon, and saw 3 of its levels.

You collected 93 gold pieces.

Inventory:

Hand Weapons
 f - a +0 hunting sling
 g - a +0 spear (weapon)
 p - a +0 fustibalus
Missiles
 b - 102 stones (quivered)
 h - 3 tomahawks
Armour
 a - a +0 robe (worn)
Jewellery
 n - an uncursed amulet of guardian spirit {unknown}
Scrolls
 d - a scroll of enchant armour {unknown}
 j - 3 scrolls of identify {unknown}
 k - a scroll of blinking {unknown}
 m - a scroll of fear {unknown}
 o - a scroll of fog {unknown}
Comestibles
 c - a ration


   Skills:
 + Level 2.7 Fighting
 + Level 0.2 Slings
 + Level 3.5 Dodging
 - Level 1.7 Stealth
 - Level 2.1 Spellcasting
 + Level 4.9 Summonings


You had 4 spell levels left.
You knew the following spells:

 Your Spells              Type           Power        Failure   Level  Hunger
a - Summon Small Mammal   Summ           ###.         2%          1    #......
b - Call Imp              Summ           ###.....     4%          2    ###....

Your spell library contained the following spells:

 Spells                   Type           Power        Failure   Level  Hunger
 Call Canine Familiar     Summ           ###.....     9%          3    ###....
 Summon Guardian Golem    Hex/Summ       #.......     22%         3    ###....
 Summon Ice Beast         Ice/Summ       #.......     58%         4    #####..
 Summon Lightning Spire   Summ/Air       #.......     58%         4    #####..


Dungeon Overview and Level Annotations

Branches:
Dungeon (3/15)

Altars:


Innate Abilities, Weirdness & Mutations

Shadows flee at your approach. (+LOS)
You can swim through water.
You cover ground slowly.
You can hop short distances.


Message History

You feel sick.
Your quokka bites the kobold.
The kobold closely misses you. The adder bites you.
* * * LOW HITPOINT WARNING * * *
Your quokka closely misses the adder.
Your crimson imp hits the kobold.
The kobold dies!
You hit the adder.
The adder is severely wounded.
The adder bites you.
* * * LOW HITPOINT WARNING * * *
Your quokka closely misses the adder.
The kobold hits you with a club.
* * * LOW HITPOINT WARNING * * *
Your quokka barely misses the adder.
The adder closely misses you.
You hit the adder.
The adder is almost dead.
Your quokka closely misses the adder.
Your quokka completely misses the adder.
The kobold hits you with a club.
* * * LOW HITPOINT WARNING * * *
The adder bites you.
You die...

...........#.. #.....#.......
.............## ##.....#.......
...............###..............
........#.....#......#..).....?
h†..... #.#...........##...##
####§...# #.##.......##....#).(
....S#s# #.##.........<...#...
#..K# #.#..........###.#... ##..#
#.#S@K.....#.###..... #..#
##5rr##..........#.... #..#
#.(####.#........#....
####h#####).###..#.........#...
##.....##........##.........#...
##............######.####....#...
#.........†r.## ..# ##..#...
#........5..## ## ..[.
#..........># . #...#


You could see an adder, a kobold, a friendly white imp and 2 friendly quokkas.

Vanquished Creatures
  An adder (D:2)
  2 dart slugs (D:1)
  2 giant cockroaches (D:2)
  5 goblins
  2 hobgoblins (D:1)
  A jackal (D:2)
  A bat (D:1)
  3 frilled lizards (D:1)
  7 kobolds
  A rat (D:1)
25 creatures vanquished.

Vanquished Creatures (collateral kills)
  An ooze (D:1)
  A worm (D:2)
  2 dart slugs (D:1)
  A leopard gecko (D:2)
  A giant cockroach (D:2)
  2 goblins
  A hobgoblin (D:2)
  5 jackals (D:2)
  5 kobolds
  A ball python (D:2)
  A rat (D:1)
21 creatures vanquished.

Grand Total: 46 creatures vanquished

Notes
Turn   | Place    | Note
-------+----------+-------------------------------------------
     0 | D:1      | LLavrengius the Barachi Summoner began the quest for the
                  | Orb.
     0 | D:1      | Reached XP level 1. HP: 13/13 MP: 3/3
   317 | D:1      | Reached skill level 1 in Fighting
   647 | D:1      | Reached XP level 2. HP: 17/21 MP: 5/5
  1045 | D:1      | Learned a level 2 spell: Call Imp
  1223 | D:1      | Reached XP level 3. HP: 22/27 MP: 0/6
  2214 | D:2      | Reached XP level 4. HP: 12/34 MP: 0/7
  2218 | D:2      | HP: 1/34 [kobold/club (1)]
  2218 | D:2      | Slain by an adder

Skill      XL: |  1  2 |
---------------+-------+-----
Fighting       | 1 2 |  2.7
Dodging        | 3 |  3.5
Slings         | |  0.2
Stealth        | |  1.7
Spellcasting   | |  2.1
Summonings     | |  4.9

Action                   |  1- 3 |  4- 6 || total
-------------------------+-------+-------++-------
Melee: Unarmed           |    33 |       ||    33
       Spear             |    88 |     4 ||    92
 Fire: Fustibalus        |    18 |       ||    18
 Cast: Summon Small Mamm |    25 |       ||    25
       Call Imp          |     6 |       ||     6
 Abil: Hop               |     2 |       ||     2
  Use: Potion            |     2 |       ||     2
 Stab: Sleeping          |     3 |       ||     3
  Eat: Chunk             |     4 |       ||     4
Armor: Robe              |    16 |       ||    16
Dodge: Dodged            |   118 |     3 ||   121
